[Event "Early-Titled-Tuesday-Blitz-April-16-2024"]
[Site "Chess.com"]
[Date "2024.04.16"]
[Round "7"]
[White "Hercog"]
[Black "PolandHussars"]
[Result "0-1"]
[WhiteElo "2149"]
[BlackElo "2600"]
[TimeControl "180+1"]
[EndTime "9:17:54 PDT"]
[Termination "PolandHussars won by resignation"]

1. d4 Nf6 2. c4 c5 3. d5 e6 4. Nc3 exd5 5. cxd5 d6 6. e4 g6 7. f4 Bg7 8. Bb5+ Nfd7 9. Nf3 a6 10. Bd3 b5 11. a3 c4 12. Bc2 O-O 13. O-O Nc5 14. Be3 Qc7 15. Bd4 Bg4 16. Bxg7 Kxg7 17. Qd4+ f6 18. e5 Bxf3 19. exf6+ Rxf6 20. Rxf3 Nbd7 21. Re1 Rf8 22. Rfe3 Kg8 23. g3 R6f7 24. Re6 Nf6 25. R6e2 Ncd7 26. f5 Ne5 27. fxg6 Nf3+ 28. Kh1 Nxd4 29.
gxf7+ Qxf7 0-1

[Event "Early-Titled-Tuesday-Blitz-April-16-2024"]
[Site "Chess.com"]
[Date "2024.04.16"]
[Round "7"]
[White "romulocardoso"]
[Black "JACK_BAU3R"]
[Result "1-0"]
[WhiteElo "2309"]
[BlackElo "1984"]
[TimeControl "180+1"]
[EndTime "9:17:57 PDT"]
[Termination "romulocardoso won by resignation"]

1. e4 c5 2. Nf3 d6 3. d4 cxd4 4. Nxd4 Nf6 5. Nc3 g6 6. f3 Bg7 7.
Be3 Nc6 8. Bc4 O-O 9. Qd2 Na5 10. Bb3 a6 11. O-O-O Nxb3+ 12. Nxb3 b5 13. Kb1 Bb7 14. g4 Rc8 15. h4 h5 16. gxh5 Nxh5 17. Bh6 Bxh6 18.
Qxh6 Rxc3 19. bxc3 a5 20. Rhg1 Nf6 21. Rxg6+ fxg6 22. Qxg6+ Kh8 23. Qh6+ Nh7 24. Nd4 Rf6 25. Qh5 e6 26. Rg1 b4 27. Qg4 Qf8 28. Nxe6 Qf7 29. Nd8 1-0

[Event "Early-Titled-Tuesday-Blitz-April-16-2024"]
[Site "Chess.com"]
[Date "2024.04.16"]
[Round "7"]
[White "jodarmarlon1985"]
[Black "maurovargas01"]
[Result "1-0"]
[WhiteElo "2286"]
[BlackElo "1899"]
[TimeControl "180+1"]
[EndTime "9:18:00 PDT"]
[Termination "jodarmarlon1985 won by resignation"]

1. e4 c5 2. Nf3 d6 3. d4 cxd4 4. Nxd4 Nf6 5. Nc3 g6 6. Be3 Bg7 7. f3 Nc6 8. Qd2 Bd7 9. Bc4 O-O 10. O-O-O Rb8 11. Bb3 a6 12. h4 h5 13. Kb1 b5 14.
Nxc6 Bxc6 15. Bh6 a5 16. Bxg7 Kxg7 17. g4 a4 18. Bd5 Nxd5 19. exd5 Bd7 20. gxh5 b4 21.
Ne4 Bf5 22. hxg6 fxg6 23. h5 Rh8 24. Qd4+ Kf7 25. hxg6+ Bxg6 26. Ng5+ Ke8 27. Rxh8+ 1-0

[Event "Early-Titled-Tuesday-Blitz-April-16-2024"]
[Site "Chess.com"]
[Date "2024.04.16"]
[Round "7"]
[White "HeroWilczek"]
[Black "ccccvhhhj"]
[Result "0-1"]
[WhiteElo "2576"]
[BlackElo "2443"]
[TimeControl "180+1"]
[EndTime "9:18:02 PDT"]
[Termination "ccccvhhhj won by resignation"]

1. d4 e5 2. dxe5 d6 3. Nf3 Bg4 4. exd6 Bxd6 5. e3 Nc6 6. Be2 Qe7 7. h3 Bh5 8. Qd5 Nf6 9. Qb5 O-O-O 10. Nc3 h6 11.
Bd2 Bg6 12. O-O-O Nb4 13. Nd4 c5 14. Nb3 Bxc2 15. Rde1 a6 16. Qc4 b5 17. Qh4 g5 0-1

[Event "Early-Titled-Tuesday-Blitz-April-16-2024"]
[Site "Chess.com"]
[Date "2024.04.16"]
[Round "7"]
[White "IsmaelAmadorGarcia"]
[Black "littlepinkyboy"]
[Result "0-1"]
[WhiteElo "2339"]
[BlackElo "2662"]
[TimeControl "180+1"]
[EndTime "9:18:02 PDT"]
[Termination "littlepinkyboy won by resignation"]

1. e4 c5 2. Nf3 Nc6 3. Bb5 d6 4.
O-O Bd7 5. Re1 e5 6. a4 a6 7. Bc4 Be7 8. h3 Nf6 9. Nc3 O-O 10. d3 Rb8 11. Bg5 h6 12. Bxf6 Bxf6 13. Nd2 Be6 14. Bxe6 fxe6 15. Qg4 Qe7 16. a5 Nd4 17.
Rac1 Bg5 18. Red1 Rf4 19. Qh5 Rbf8 20. Rf1 Rh4 21. Qd1 Bxd2 22. Qxd2 Rxh3 23. Ne2 Qh4 24.
Ng3 Rh2 0-1

[Event "Early-Titled-Tuesday-Blitz-April-16-2024"]
[Site "Chess.com"]
[Date "2024.04.16"]
[Round "7"]
[White "MyDream003"]
[Black "Stanbad1"]
[Result "1-0"]
[WhiteElo "2801"]
[BlackElo "2579"]
[TimeControl "180+1"]
[EndTime "9:18:06 PDT"]
[Termination "MyDream003 won by resignation"]

1. e4 e6 2. d4 d5 3. e5 c5 4. c3 Nc6 5. Nf3 Bd7 6. Be2 Nge7 7. O-O cxd4 8. cxd4 Nf5 9. Nc3 Qb6 10. Na4 Qd8 11. Kh1 Rc8 12. a3 Na5 13. Nc5 Bc6 14. b3 b6 15. Nd3 Qd7 16. Bd2 Nb7 17. Bb4 a5 18. Bxf8 Kxf8 19. a4 g6 20. Qd2 Kg7 21.
Qf4 Qe7 22. g4 Nh6 23. Rac1 Rhf8 24. Qf6+ Qxf6 25. exf6+ Kh8 26. Nde5 Nd8 27. Rc3 Bb7 28. Rxc8 Bxc8 29. Rc1 Nb7 30. Rc6 Ng8 31. Rxc8 Nd8 32.
Rxd8 1-0

[Event "Early-Titled-Tuesday-Blitz-April-16-2024"]
[Site "Chess.com"]
[Date "2024.04.16"]
[Round "7"]
[White "BallottiLuca"]
[Black "HighLawView"]
[Result "1-0"]
[WhiteElo "2376"]
[BlackElo "2119"]
[TimeControl "180+1"]
[EndTime "9:18:12 PDT"]
[Termination "BallottiLuca won by resignation"]

1. d4 d5 2. c4 c6 3. Nc3 e5 4. e3 e4 5. Qb3 Nf6 6. Bd2 Bd6 7. cxd5 O-O 8. Nge2 cxd5 9. Nxd5 Nbd7 10. a3 Nxd5 11.
Qxd5 Nf6 12. Qb3 a6 13. Nc3 Be6 14. Qd1 b5 15. Be2 b4 16. axb4 Bxb4 17. Nxe4 Nxe4 18. Bxb4 Qf6 19. O-O Rfb8 20. Bc3 Ng5 21. d5 Rd8 22.
Bxf6 1-0

[Event "Early-Titled-Tuesday-Blitz-April-16-2024"]
[Site "Chess.com"]
[Date "2024.04.16"]
[Round "7"]
[White "bazar-wokzal"]
[Black "ajeale2"]
[Result "1-0"]
[WhiteElo "2581"]
[BlackElo "2426"]
[TimeControl "180+1"]
[EndTime "9:18:13 PDT"]
[Termination "bazar-wokzal won on time"]

1. e4 e6 2. d4 d5 3. exd5 exd5 4. Nf3 Nf6 5. c4 Be7 6. Bd3 O-O 7. O-O c6 8. Nc3 dxc4 9. Bxc4 Bg4 10. Be3 Nbd7 11. h3 Bh5 12. g4 Bg6 13. Ne5 Bd6 14. f4 Ne4 15. Nxd7 Nxc3 16. bxc3 Qh4 17. Qf3 1-0

[Event "Early-Titled-Tuesday-Blitz-April-16-2024"]
[Site "Chess.com"]
[Date "2024.04.16"]
[Round "7"]
[White "JonSnowNW1"]
[Black "Knightmare1014"]
[Result "1-0"]
[WhiteElo "2541"]
[BlackElo "2312"]
[TimeControl "180+1"]
[EndTime "9:18:14 PDT"]
[Termination "JonSnowNW1 won by resignation"]

1. c4 e6 2. e4 d5 3. cxd5 exd5 4. exd5 Nf6 5. Bb5+ Bd7 6. Bc4 Bd6 7. Nc3 O-O 8.
Nge2 a6 9. a4 Bf5 10. O-O Nbd7 11. Ng3 Bg6 12. d3 Nb6 13. Bg5 Be7 14. Bxf6 Bxf6 15.
Qb3 Qd7 16. a5 Nc8 17. Nge4 Bd4 18. Ne2 Bc5 19. Nxc5 Qe7 20. Ne4 f5 21. d6+ 1-0

[Event "Early-Titled-Tuesday-Blitz-April-16-2024"]
[Site "Chess.com"]
[Date "2024.04.16"]
[Round "7"]
[White "Aminazinas"]
[Black "rionelG"]
[Result "1-0"]
[WhiteElo "2525"]
[BlackElo "2200"]
[TimeControl "180+1"]
[EndTime "9:18:15 PDT"]
[Termination "Aminazinas won by checkmate"]

1. e4 c5 2. Nc3 d6 3. f4 a6 4. a4 Nc6 5. Nf3 Bg4 6. Bc4 e6 7.
h3 Bxf3 8. Qxf3 Nf6 9. O-O Be7 10. d3 O-O 11. g4 Nd4 12. Qf2 d5 13. Ba2 dxe4 14. dxe4 Qc7 15. Be3 Rad8 16. Rad1 Qb6 17. Rb1 Nd7 18. g5 Nb8 19. f5 exf5 20. exf5 Bd6 21.
g6 Be5 22. Bxf7+ Kh8 23. Qh4 h6 24. Bxh6 Rxf7 25. Bg5+ Kg8 26. Qh7+ Kf8 27. Qh8# 1-0

[Event "Early-Titled-Tuesday-Blitz-April-16-2024"]
[Site "Chess.com"]
[Date "2024.04.16"]
[Round "7"]
[White "Iskusnyh"]
[Black "Mazarini41"]
[Result "1-0"]
[WhiteElo "2593"]
[BlackElo "2340"]
[TimeControl "180+1"]
[EndTime "9:18:22 PDT"]
[Termination "Iskusnyh won by resignation"]

1. d4 Nf6 2. c4 c5 3. d5 b5 4. cxb5 a6 5. b6 Qxb6 6. Nc3 d6 7. Nf3 g6 8. Nd2 Bg7 9. e4 O-O 10. Be2 Nbd7 11. O-O Ng4 12. Bxg4 Ne5 13. Bxc8 Rfxc8 14. Qe2 a5 15. Nc4 Qb4 16. Nxe5 Bxe5 17. a4 Rcb8 18.
Nb5 c4 19. Ra3 Rxb5 20. axb5 c3 21. bxc3 Bxc3 22. Qc2 Be5 23. Rb3 Qa4 24. b6 Rb8 25. Bh6 Qd4 26. b7 Qc4 27. Qxc4 1-0

[Event "Early-Titled-Tuesday-Blitz-April-16-2024"]
[Site "Chess.com"]
[Date "2024.04.16"]
[Round "7"]
[White "Zohid6"]
[Black "RandomNoob04"]
[Result "1-0"]
[WhiteElo "2940"]
[BlackElo "2662"]
[TimeControl "180+1"]
[EndTime "9:18:34 PDT"]
[Termination "Zohid6 won by resignation"]

1. e4 d5 2. exd5 Qxd5 3. Nc3 Qa5 4. d4 Nf6 5. Nf3 Bf5 6. Bc4 e6 7. O-O Bb4 8. Bd2 O-O 9. a3 Bxc3 10. Bxc3 Qb6 11. Re1 Nc6 12. h3 Rad8 13. a4 a6 14. a5 Qa7 15. Ra4 Be4 16. Bd3 Bxd3 17. Qxd3 Rd5 18. Bd2 Rfd8 19. c3 Rxa5 20. Rxa5 Nxa5 21.
Bg5 Qb6 22. Ne5 Nc6 23. Bxf6 gxf6 24. Ng4 f5 25. Nh6+ Kg7 26. Qg3+ Kxh6 27. Rxe6+ fxe6 28.
h4 Rg8 29. Qxg8 1-0

[Event "Early-Titled-Tuesday-Blitz-April-16-2024"]
[Site "Chess.com"]
[Date "2024.04.16"]
[Round "7"]
[White "Susal_De_Silva"]
[Black "KuzubovYuriy"]
[Result "0-1"]
[WhiteElo "2700"]
[BlackElo "2926"]
[TimeControl "180+1"]
[EndTime "9:18:36 PDT"]
[Termination "KuzubovYuriy won by resignation"]

1. e4 g6 2. d4 Bg7 3. Nf3 d6 4. Be2 Nf6 5. Nbd2 O-O 6. O-O Nc6 7. d5 Nb8 8. c4 Nbd7 9. Rb1 a5 10. b3 Nc5 11.
Qc2 Nfxe4 12. Nxe4 Nxe4 13. Qxe4 Bf5 14. Qh4 Bxb1 15.
Bg5 Bxa2 16. Bxe7 Qd7 17. Bxf8 Rxf8 18. Bd1 Bb1 19. Re1 Re8 20. Rxe8+ Qxe8 21. Qf4 Bf5 22. g4 Qe4 23. Qxe4 Bxe4 24. Kf1 Bd3+ 25. Kg2 Bc3 0-1

[Event "Early-Titled-Tuesday-Blitz-April-16-2024"]
[Site "Chess.com"]
[Date "2024.04.16"]
[Round "7"]
[White "LikeWater"]
[Black "GoltsevDmitry2000"]
[Result "0-1"]
[WhiteElo "2583"]
[BlackElo "2776"]
[TimeControl "180+1"]
[EndTime "9:18:41 PDT"]
[Termination "GoltsevDmitry2000 won by checkmate"]

1. e4 e6 2. d4 d5 3. exd5 exd5 4. Nf3 Nf6 5. Bd3 c5 6. c3 Nc6 7. O-O Be7 8. dxc5 Bxc5 9. Bg5 O-O 10. Nbd2 Bg4 11.
Be2 h6 12. Bh4 Re8 13. Nb3 Bb6 14. Nfd4 Bd7 15. Bf3 Ne5 16. Bxf6 Qxf6 17. Bxd5 Bg4 18. Qc2 Rad8 19. Bxb7 Re7 20. Be4 Qh4 21. Kh1 Bc7 22. f4 Nc4 23. g3 Qh5 24. Rae1 Rde8 25. f5 Bxg3 26. f6 Rxe4 27. Rxe4 Rxe4 28. Qg2 Ne3 29. Qxg3 Nxf1 30. Qb8+ Kh7 31. fxg7 Bf3+ 32. Kg1 Qg4+ 33.
Kxf1 Qg2# 0-1

[Event "Early-Titled-Tuesday-Blitz-April-16-2024"]
[Site "Chess.com"]
[Date "2024.04.16"]
[Round "7"]
[White "andrew-blr"]
[Black "Firouzja2003"]
[Result "0-1"]
[WhiteElo "2664"]
[BlackElo "3035"]
[TimeControl "180+1"]
[EndTime "9:18:43 PDT"]
[Termination "Firouzja2003 won by resignation"]

1. d4 Nf6 2. Nf3 g6 3. c4 Bg7 4.
g3 O-O 5. Bg2 d6 6. O-O c6 7. Nc3 Bf5 8. Ne1 Be6 9. b3 d5 10. c5 Nbd7 11. Nd3 Bf5 12. Bf4 Nh5 13. e3 Nxf4 14. gxf4 e6 15. Ne5 Nxe5 16. fxe5 f6 17. f4 fxe5 18. dxe5 Qa5 19. Qd4 b6 20. b4 bxc5 21. Qxc5 Qxc5 22. bxc5 Rfb8 23. Ne2 Bf8 24. Rfc1 Rb5 25. Nd4 Rxc5 26. Nxc6 Rc8 27. Rxc5 Bxc5 28. Nd4 Bxd4 29. exd4 Rc4 30. Rd1 Rc2 31. a3 Ra2 32. Rc1 Rxa3 33. Rc7 a5 34. Bf1 a4 35. Bb5 Ra1+ 36.
Kf2 a3 37. Ra7 a2 38. Be2 h5 39. Ke3 Bg4 40. Bxg4 hxg4 41. Kf2 Rh1 0-1

[Event "Early-Titled-Tuesday-Blitz-April-16-2024"]
[Site "Chess.com"]
[Date "2024.04.16"]
[Round "7"]
[White "jumpingknight20"]
[Black "jcibarra"]
[Result "0-1"]
[WhiteElo "2739"]
[BlackElo "2954"]
[TimeControl "180+1"]
[EndTime "9:18:46 PDT"]
[Termination "jcibarra won by resignation"]

1. e4 c5 2. c3 Nf6 3. e5 Nd5 4. d4 cxd4 5. cxd4 d6 6. Nf3 Nc6 7. Bc4 dxe5 8. dxe5 Be6 9. O-O g6 10. Re1 Bg7 11. Ng5 O-O 12. Nxe6 fxe6 13. Nc3 Qb6 14.
Nxd5 Qxf2+ 15. Kh1 exd5 16. Be3 Qxb2 17. Qxd5+ Kh8 18. Rab1 Qxe5 19. Rxb7 Na5 20. Rb5 Qc3 21. Bd2 Qxc4 22. Bxa5 Qf1+ 0-1

[Event "Early-Titled-Tuesday-Blitz-April-16-2024"]
[Site "Chess.com"]
[Date "2024.04.16"]
[Round "7"]
[White "platy3"]
[Black "AradNazari"]
[Result "1-0"]
[WhiteElo "2911"]
[BlackElo "2704"]
[TimeControl "180+1"]
[EndTime "9:18:50 PDT"]
[Termination "platy3 won by resignation"]

1. e4 c5 2. Nf3 d6 3. d4 cxd4 4. Nxd4 Nf6 5. Nc3 a6 6. Bd3 g6 7.
f3 Bg7 8. Be3 Nbd7 9. Qd2 b5 10.
O-O-O b4 11. Nd5 Nxd5 12. exd5 Qa5 13. Kb1 Ne5 14. Bh6 Bf6 15. Rhe1 Bb7 16. Nb3 Qxd5 17. Qxb4 a5 18. Bb5+ Kd8 19. Nxa5 Nc6 1-0

[Event "Early-Titled-Tuesday-Blitz-April-16-2024"]
[Site "Chess.com"]
[Date "2024.04.16"]
[Round "7"]
[White "CarlosjPineror"]
[Black "ragnaroek66"]
[Result "0-1"]
[WhiteElo "2705"]
[BlackElo "2529"]
[TimeControl "180+1"]
[EndTime "9:18:51 PDT"]
[Termination "ragnaroek66 won by resignation"]

1. e4 c6 2. d4 d5 3. e5 Bf5 4.
Nf3 e6 5. Bd3 Ne7 6. O-O Nd7 7.
Be3 c5 8. c3 Bxd3 9. Qxd3 Nf5 10. Nbd2 Be7 11. dxc5 Nxe3 12. Qxe3 Bxc5 13. Qe2 O-O 14. Nb3 Bb6 15. Rad1 Rc8 16. Rfe1 Re8 17. g3 a6 18. h4 f6 19. Kg2 Bc7 20. exf6 Qxf6 21.
Nc5 Nxc5 22. Ng5 h6 23. Nh3 Ne4 24. Rd3 Rf8 25. Rf3 Qxf3+ 26. Qxf3 Rxf3 27. Kxf3 Kf7 28. Ke2 Bb6 29. g4 Nd6 30. f3 Nc4 31. b3 Ne5 32. Rc1 Ba5 33. f4 Nxg4 34. Kd3 Nf6 35. Nf2 Bb6 36.
Nd1 Ne4 37. Ne3 0-1

[Event "Early-Titled-Tuesday-Blitz-April-16-2024"]
[Site "Chess.com"]
[Date "2024.04.16"]
[Round "7"]
[White "Kiborg95"]
[Black "SpeedofLight0"]
[Result "0-1"]
[WhiteElo "2856"]
[BlackElo "3077"]
[TimeControl "180+1"]
[EndTime "9:18:52 PDT"]
[Termination "SpeedofLight0 won by resignation"]

1. e4 Nc6 2. Nc3 Nf6 3. Nf3 d5 4. e5 Ne4 5. Ne2 f6 6. d3 Nc5 7. d4 Ne4 8. Nf4 fxe5 9. dxe5 e6 10. Bb5 Bc5 11. Nd3 Bb6 12. Qe2 O-O 13. Bxc6 bxc6 14.
Be3 c5 15. c4 Ba6 16. b3 Ba5+ 17. Kf1 dxc4 18. Nf4 Nc3 0-1

[Event "Early-Titled-Tuesday-Blitz-April-16-2024"]
[Site "Chess.com"]
[Date "2024.04.16"]
[Round "7"]
[White "Aragon"]
[Black "Felix-Rose"]
[Result "1-0"]
[WhiteElo "2068"]
[BlackElo "2187"]
[TimeControl "180+1"]
[EndTime "9:18:59 PDT"]
[Termination "Aragon won by checkmate"]

1. e4 e5 2. Nf3 Nc6 3. Nc3 Nf6 4. Be2 d5 5. exd5 Nxd5 6. O-O Nxc3 7. dxc3 Bd6 8. Bd3 O-O 9. Ng5 h6 10. Qh5 Be7 11.
Nh7 Re8 12. Bxh6 gxh6 13. Qxh6 Qd6 14. Qh5 f5 15. Bc4+ Kg7 16. Qf7+ Kh6 17. Qxe8 Kxh7 18. Rad1 Qg6 19. Bf7 Qh6 20. Rd3 f4 21. Qg8# 1-0

[Event "Early-Titled-Tuesday-Blitz-April-16-2024"]
[Site "Chess.com"]
[Date "2024.04.16"]
[Round "7"]
[White "Smiechu"]
[Black "Bwert2602"]
[Result "1-0"]
[WhiteElo "2370"]
[BlackElo "2214"]
[TimeControl "180+1"]
[EndTime "9:19:03 PDT"]
[Termination "Smiechu won by resignation"]

1. e4 e6 2. d4 d5 3. Bd3 dxe4 4. Bxe4 Nf6 5. Bf3 c5 6. Ne2 Nc6 7. Be3 Nd5 8. Bxd5 Qxd5 9. Nbc3 Qxg2 10. Rg1 Qf3 11.
Nb5 cxd4 12. Nexd4 Qxd1+ 13. Rxd1 Ke7 14. Nc7 Rb8 15. Nxc6+ bxc6 16. Bc5+ Kf6 17. Rd8 Bxc5 18. Rxh8 Rxb2 19. Rg3 Bd7 20. Rxh7 Rxc2 21. Rgxg7 1-0

[Event "Early-Titled-Tuesday-Blitz-April-16-2024"]
[Site "Chess.com"]
[Date "2024.04.16"]
[Round "7"]
[White "wild3000"]
[Black "kekic76"]
[Result "0-1"]
[WhiteElo "2496"]
[BlackElo "2348"]
[TimeControl "180+1"]
[EndTime "9:19:04 PDT"]
[Termination "kekic76 won by checkmate"]

1. e4 c6 2. d4 d5 3. e5 Bf5 4. c4 e6 5. Nc3 h5 6. Be3 g6 7. c5 Nd7 8. b4 Ne7 9. h3 h4 10. Nf3 Nc8 11. a4 a6 12. Be2 Na7 13. O-O Be7 14. b5 cxb5 15. axb5 axb5 16. Nxb5 Nxb5 17.
Bxb5 O-O 18. Rxa8 Qxa8 19. Bxd7 Qa6 20. Qa4 Qe2 21. Re1 Qd3 22. Qb5 Qe4 23. Qxb7 Bxh3 24. Qb1 Qg4 25. Nxh4 Bxh4 26. g3 Bxg3 27. f3 Qxf3 28. Qc2 Bxe1 29. Bf2 Qg2# 0-1

[Event "Early-Titled-Tuesday-Blitz-April-16-2024"]
[Site "Chess.com"]
[Date "2024.04.16"]
[Round "7"]
[White "Heinza9"]
[Black "Silvederione"]
[Result "0-1"]
[WhiteElo "2327"]
[BlackElo "2508"]
[TimeControl "180+1"]
[EndTime "9:19:05 PDT"]
[Termination "Silvederione won by resignation"]

1. e4 c5 2. Nf3 Nc6 3. Bb5 e5 4. O-O d6 5. c3 a6 6. Bxc6+ bxc6 7. d4 cxd4 8. cxd4 exd4 9. Nxd4 Bd7 10. Nc3 Nf6 11.
Re1 Be7 12. e5 dxe5 13. Rxe5 O-O 14. Bg5 h6 15. Bh4 Re8 16. Qf3 Qb6 17. Rae1 Qxd4 18. Rxe7 Qxh4 19. g3 Qb4 20. a3 Qxb2 21. Na4 Qc2 22.
Nb6 Rxe7 23. Rxe7 Qb1+ 24. Kg2 Qxb6 0-1

[Event "Early-Titled-Tuesday-Blitz-April-16-2024"]
[Site "Chess.com"]
[Date "2024.04.16"]
[Round "7"]
[White "LegenDaDaDa"]
[Black "ChessSG1"]
[Result "1-0"]
[WhiteElo "2303"]
[BlackElo "2402"]
[TimeControl "180+1"]
[EndTime "9:19:05 PDT"]
[Termination "LegenDaDaDa won by resignation"]

1. d4 Nf6 2. c4 c5 3. d5 e6 4. Nc3 exd5 5. cxd5 d6 6. Nf3 g6 7. g3 Bg7 8. Bg2 O-O 9. O-O Re8 10. Nd2 Nbd7 11.
a4 a6 12. Nc4 Nb6 13. Na3 Qc7 14. e4 Nbd7 15. f4 Rb8 16. Be3 c4 17. Bf2 Nc5 18.
e5 dxe5 19. d6 Qa5 20. Nxc4 Qb4 21. Nxe5 Nb3 22. Ra3 Na5 23. Nd5 Nxd5 24. Bxd5 Be6 25. d7 Red8 26. Bxe6 fxe6 27. Rd3 Nc6 28. Nf3 Qxb2 29.
Ng5 Qf6 30. Re1 Kh8 31. Rxe6 Qf8 32. Red6 h6 33. Ne6 Qf7 34. Nxd8 Rxd8 35. Qe1 Nb4 36. Qxb4 1-0

[Event "Early-Titled-Tuesday-Blitz-April-16-2024"]
[Site "Chess.com"]
[Date "2024.04.16"]
[Round "7"]
[White "Rawnsdale"]
[Black "GAO"]
[Result "1-0"]
[WhiteElo "2496"]
[BlackElo "2323"]
[TimeControl "180+1"]
[EndTime "9:19:05 PDT"]
[Termination "Rawnsdale won by resignation"]

1. e4 c5 2. Nf3 Nc6 3. d4 cxd4 4.
Nxd4 g6 5. c4 Bg7 6. Be3 Qb6 7.
Nb3 Qd8 8. Nc3 Bxc3+ 9. bxc3 Nf6 10. Bd3 d6 11. O-O a5 12. c5 a4 13. Nd4 Ne5 14.
cxd6 Qxd6 15. Bb5+ Bd7 16. f4 Neg4 17. Qf3 Nxe3 18.
Qxe3 Bxb5 19. Nxb5 Qd7 20. c4 O-O 21. Rad1 Qc6 22.
e5 Ng4 23. Qd4 Rac8 24. h3 Nh6 25. Na7 Qxc4 26. Nxc8 Rxc8 27. Qxc4 Rxc4 28. Rc1 Rb4 29. g4 Rb2 30. Rf2 Rb4 31. Rc8+ Kg7 32. Rc7 e6 33.
Kg2 Ng8 34. f5 gxf5 35. gxf5 Nh6 36. fxe6 Rb6 37. exf7 Rg6+ 38. Kf1 Kf8 39. Rc8+ 1-0

[Event "Early-Titled-Tuesday-Blitz-April-16-2024"]
[Site "Chess.com"]
[Date "2024.04.16"]
[Round "7"]
[White "LastHeroJr"]
[Black "Ariadna_Atreides"]
[Result "1-0"]
[WhiteElo "2482"]
[BlackElo "2202"]
[TimeControl "180+1"]
[EndTime "9:19:06 PDT"]
[Termination "LastHeroJr won by resignation"]

1. e4 c6 2. d4 d5 3. exd5 cxd5 4. Nf3 Nc6 5. Bb5 Bd7 6. c3 e6 7. O-O Bd6 8. Re1 Nge7 9. Bg5 Qc7 10. Nbd2 a6 11.
Ba4 f6 12. Bh4 O-O-O 13. c4 g5 14. Bg3 Bxg3 15. hxg3 h5 16. cxd5 Nxd5 17. Rc1 Kb8 18. Ne4 h4 19. gxh4 gxh4 20. Nc5 Rdg8 21. Nxe6 Bxe6 22.
Rxe6 h3 23. Bxc6 hxg2 24. Re8+ Rxe8 25. Bxe8 Qxc1 26. Qxc1 Rh1+ 27. Kxg2 Rxc1 28. Bf7 Nf4+ 29. Kg3 Ne2+ 30. Kg4 Rd1 31. d5 Rd2 32. Nxd2 1-0

[Event "Early-Titled-Tuesday-Blitz-April-16-2024"]
[Site "Chess.com"]
[Date "2024.04.16"]
[Round "7"]
[White "Ati1517"]
[Black "Matols"]
[Result "0-1"]
[WhiteElo "2231"]
[BlackElo "2358"]
[TimeControl "180+1"]
[EndTime "9:19:08 PDT"]
[Termination "Matols won by checkmate"]

1. e4 c6 2. d4 d5 3. Nd2 dxe4 4. Nxe4 Nf6 5. Nxf6+ exf6 6. Bc4 Bd6 7. Qe2+ Qe7 8.
Qxe7+ Kxe7 9. Be3 Be6 10. Bd3 Nd7 11. O-O-O Rhe8 12. Nf3 a5 13. h4 h5 14. Nd2 b5 15.
Ne4 Bc7 16. Rhe1 Kf8 17. f3 a4 18. a3 Ba5 19. c3 Bb3 20. Rd2 Rad8 21. Nd6 Re6 22. Nb7 Rde8 23. Rde2 Bc7 24. Bf5 Rxe3 25. Rxe3 Bf4 26. Kd2 Nb6 27. Be4 Nc4+ 28. Kd3 Bxe3 29. Bxc6 Nxb2+ 30. Ke2 Bc4# 0-1

[Event "Early-Titled-Tuesday-Blitz-April-16-2024"]
[Site "Chess.com"]
[Date "2024.04.16"]
[Round "7"]
[White "Timerkhanov"]
[Black "RobertoJBM"]
[Result "1-0"]
[WhiteElo "2654"]
[BlackElo "2888"]
[TimeControl "180+1"]
[EndTime "9:19:12 PDT"]
[Termination "Timerkhanov won by resignation"]

1. d4 d5 2. Nf3 Nf6 3. g3 e6 4.
Bg2 Be7 5. O-O O-O 6. c4 dxc4 7. Qc2 a6 8. a4 Bd7 9. Qxc4 Bc6 10. Bf4 Nbd7 11. Nc3 Bd6 12. a5 Nd5 13. Bxd6 cxd6 14. Nxd5 Bxd5 15. Qb4 Nf6 16. Rfc1 Rc8 17. Nd2 Bxg2 18.
Kxg2 Rxc1 19. Rxc1 Nd5 20. Qxb7 Qxa5 21. Nc4 Qa4 22.
e3 h5 23. Nxd6 h4 24. Rc8 Rxc8 25. Qxc8+ Kh7 26. Nxf7 hxg3 27. hxg3 Qd1 28. Qh8+ Kg6 29. Ne5+ Kf5 30. g4+ 1-0

[Event "Early-Titled-Tuesday-Blitz-April-16-2024"]
[Site "Chess.com"]
[Date "2024.04.16"]
[Round "7"]
[White "Alen_Yeremyann"]
[Black "JonasEilenberg"]
[Result "1-0"]
[WhiteElo "2832"]
[BlackElo "2623"]
[TimeControl "180+1"]
[EndTime "9:19:16 PDT"]
[Termination "Alen_Yeremyann won by resignation"]

1. e4 c5 2. Nc3 Nc6 3. Bb5 Nd4 4. Bc4 e6 5. Nge2 Nf6 6. O-O d5 7.
exd5 exd5 8. Nxd5 Bd6 9. Nxd4 cxd4 10. Qf3 Nxd5 11. Bxd5 O-O 12. d3 Qc7 13. h3 Qxc2 14.
Bc4 Be6 15. b3 Bxc4 16. bxc4 Rfe8 17. Bg5 b6 18. Rae1 Qxa2 19. Qg4 Bf8 20. Qxd4 Bc5 21. Rxe8+ Rxe8 22. Qd7 Qe2 23. d4 Bf8 24. Be3 Qxc4 25. Qxe8 1-0

[Event "Early-Titled-Tuesday-Blitz-April-16-2024"]
[Site "Chess.com"]
[Date "2024.04.16"]
[Round "7"]
[White "ilqar_74"]
[Black "alpope"]
[Result "1-0"]
[WhiteElo "2776"]
[BlackElo "2518"]
[TimeControl "180+1"]
[EndTime "9:19:16 PDT"]
[Termination "ilqar_74 won by resignation"]

1. e4 g6 2. d4 Bg7 3. Nc3 d6 4. f4 a6 5. Nf3 Nd7 6. e5 Nb6 7.
Be2 Nh6 8. O-O O-O 9. h3 c5 10. dxc5 dxc5 11. Be3 Qc7 12. Nd5 Nxd5 13. Qxd5 Be6 14.
Qxc5 Rac8 15. Qxc7 Rxc7 16. c3 f6 17. Nd4 Bd5 18. Bf3 Bxf3 19. Rxf3 Rd7 20. Raf1 Nf5 21. Nxf5 gxf5 22. Bd4 fxe5 23. fxe5 e6 24. g4 fxg4 25. Rxf8+ Bxf8 26. hxg4 Rf7 27. Rxf7 Kxf7 28. Kg2 Kg6 29.
Kf3 Bh6 30. c4 Bf8 31. Ke4 Kg5 32. Kf3 h5 33. Be3+ Kg6 34. gxh5+ Kxh5 35. c5 Kg6 36.
Ke4 Be7 37. b4 Bf8 38. a4 Be7 39. Bf2 Bd8 40. b5 axb5 41. axb5 Kh5 42. c6 bxc6 43.
bxc6 Kg6 44. Bc5 Kf7 45. Bd6 Ke8 46. c7 1-0

[Event "Early-Titled-Tuesday-Blitz-April-16-2024"]
[Site "Chess.com"]
[Date "2024.04.16"]
[Round "7"]
[White "DominguezOnYoutube"]
[Black "IM_ArthurDW08"]
[Result "1-0"]
[WhiteElo "2942"]
[BlackElo "2754"]
[TimeControl "180+1"]
[EndTime "9:19:17 PDT"]
[Termination "DominguezOnYoutube won by resignation"]

1. e4 c5 2. Nf3 d6 3. d4 cxd4 4.
Nxd4 Nf6 5. Nc3 Bd7 6. f3 e6 7. Be3 a6 8. g4 Nc6 9. Qd2 Ne5 10.
g5 Nh5 11. O-O-O b5 12. a3 Rc8 13. f4 Nc4 14. Bxc4 Rxc4 15. f5 Be7 16. fxe6 fxe6 17.
Rhf1 Qa5 18. Nb3 Qc7 19. Bd4 Rg8 20. Kb1 Kd8 21. Qf2 Rf8 22. Qe3 Rxf1 23. Rxf1 Kc8 24. Bb6 Qb8 25. Na5 1-0

[Event "Early-Titled-Tuesday-Blitz-April-16-2024"]
[Site "Chess.com"]
[Date "2024.04.16"]
[Round "7"]
[White "TigrVShlyape"]
[Black "chito89"]
[Result "0-1"]
[WhiteElo "2926"]
[BlackElo "2759"]
[TimeControl "180+1"]
[EndTime "9:19:22 PDT"]
[Termination "chito89 won by resignation"]

1. d4 Nf6 2. Bf4 g6 3. c3 Bg7 4.
Nf3 d6 5. h3 O-O 6. Nbd2 Nfd7 7. e4 e5 8. dxe5 dxe5 9. Be3 Nc6 10. Bb5 Qe7 11. O-O Nc5 12. b4 Ne6 13. Re1 Bd7 14. Bc4 Rfd8 15. Qc2 h6 16. Bf1 Ncd4 17. cxd4 exd4 18. Bxh6 Bxh6 19. e5 Bc6 20. Ne4 Bxe4 21.
Rxe4 Qxb4 22. Bc4 Qc3 23. Qxc3 dxc3 24. Bxe6 c2 25. Rc4 Rd1+ 26. Kh2 Rxa1 27. Bxf7+ Kxf7 28. Rxc7+ Kg8 29. Rxc2 Rc1 30. Rb2 b6 31. a4 Rd8 32.
Kg3 Rc4 33. a5 Bf4+ 0-1